Map: Forgotten Sanctuary

Players

nOobO

  • Race: Protoss Protoss
  • League: Diamond
  • Spawn Location: 9:00

Heart

  • Race: Zerg Zerg
  • Spawn Location: 9:00

maximusjesse

  • Race: Zerg Zerg
  • Spawn Location: 12:00

zqmdfg

  • Race: Terran Terran
  • League: Diamond
  • Spawn Location: 12:00

JaySlays

  • Race: Terran Terran
  • Spawn Location: 6:00

Wolf

  • Race: Terran Terran
  • League: Diamond
  • Spawn Location: 3:00

amidnightsea

  • Race: Terran Terran
  • Spawn Location: 6:00

ABCD

  • Race: Terran Terran
  • Spawn Location: 3:00

VOD

Have the link to the VOD?

Description

Time

  • Played on: April 15, 2018, 9:05 p.m.
  • Length: 4:49
Show
View Real Time Build Order
Export as new Build Order

nOobO Protoss 

Build Orders:  

Get SALT Encoding   

  12  0:00  Probe  
  13  0:13  Probe  
  14  0:19  Pylon  
  14  0:25  Probe  
  15  0:37  Probe (Chrono Boost)  
  15  0:41  Gateway  
  16  0:46  Probe (Chrono Boost)  
  17  0:50  Assimilator  
  17  0:54  Probe (Chrono Boost)  
  18  1:02  Assimilator  
  18  1:07  Probe (Chrono Boost)  
  19  1:14  Gateway  
  19  1:15  Probe (Chrono Boost)  
  20  1:23  Probe  
  21  1:35  Probe, Cybernetics Core  
  22  1:47  Pylon  
  22  1:51  Probe  
  23  2:07  Probe  
  24  2:09  Stalker (Chrono Boost)  
  24  2:15  Warp Gate  
  28  2:19  Pylon, Stalker (Chrono Boost)  
  28  2:20  Probe  
  29  2:37  Stalker  
  29  2:42  Stalker  
  33  2:51  Robotics Facility  
  34  2:58  Probe  
  34  3:03  Pylon  
  34  3:11  Probe  
  35  3:23  Probe  
  36  3:29  Stalker  
  38  3:45  Warp Prism  
  38  3:47  Nexus  
  40  4:17  Stargate  
  40  4:35  Stalker x2  
  44  4:41  Pylon  
  44  4:45  Pylon  
Show
View Real Time Build Order
Export as new Build Order

Heart Zerg 

Build Orders: Pool First 

Get SALT Encoding   

  12  0:01  Drone  
  13  0:12  Overlord  
  13  0:17  Drone  
  14  0:30  Drone  
  14  0:31  Drone  
  16  0:36  Drone  
  16  0:40  Extractor  
  16  0:45  Drone  
  17  0:52  Spawning Pool  
  17  0:56  Drone  
  17  1:07  Drone  
  18  1:19  Drone  
  19  1:31  Hatchery  
  18  1:33  Drone  
  19  1:45  Roach Warren  
  19  1:46  Drone  
  19  1:55  Queen  
  21  2:02  Overlord  
  21  2:09  Drone  
  22  2:21  Drone x2  
  24  2:43  Roach x2  
  28  2:51  Roach  
  30  3:00  Overlord  
  30  3:11  Overlord x2  
  30  3:17  Queen  
  32  3:23  Roach x2  
  32  3:27  Overlord  
  36  3:35  Overlord  
  36  3:37  Roach x3  
  42  3:53  Roach x2  
  42  3:54  Roach x3  
  52  4:00  Roach x2  
  56  4:10  Roach  
  56  4:15  Roach x2  
  62  4:17  Overlord  
  62  4:29  Drone  
Show
View Real Time Build Order
Export as new Build Order

maximusjesse Zerg 

Build Orders: Pool First, Zergling Baneling 

Get SALT Encoding   

  12  0:01  Drone  
  13  0:08  Drone  
  14  0:15  Extractor  
  14  0:17  Drone  
  14  0:35  Spawning Pool  
  13  0:36  Drone  
  14  0:47  Overlord  
  14  0:55  Extractor  
  14  0:56  Drone  
  15  1:07  Drone  
  16  1:21  Metabolic Boost  
  16  1:22  Zergling x6  
  19  1:35  Queen  
  21  1:42  Overlord  
  21  1:46  Zergling x2  
  22  1:58  Baneling Nest  
  22  1:59  Zergling x2  
  22  2:06  Zergling x2  
  23  2:28  Zergling x2  
  23  2:29  Zergling x2  
  25  2:38  Zergling x2  
  26  2:54  Zergling x6  
  28  3:07  Zergling x2  
  28  3:09  Queen  
  25  3:22  Zergling x2  
  25  3:23  Zergling x2  
  25  3:27  Baneling x5  
  25  3:28  Baneling x3  
  25  3:42  Hatchery  
  25  3:45  Zergling x6  
  26  3:54  Zergling x2  
  26  3:55  Zergling x2  
  27  4:01  Zergling x2  
  28  4:15  Overlord  
  28  4:17  Zergling x4  
  30  4:26  Baneling x3  
  30  4:27  Baneling x2  
Show
View Real Time Build Order
Export as new Build Order

zqmdfg Terran 

Build Orders:  

Get SALT Encoding   

  12  0:01  SCV  
  13  0:13  SCV  
  14  0:17  Supply Depot  
  14  0:25  SCV  
  15  0:30  Refinery  
  15  0:39  SCV  
  16  0:46  Barracks  
  16  0:51  SCV  
  17  1:03  Barracks  
  17  1:19  Barracks  
  17  1:37  Reaper, Orbital Command  
  18  1:45  Supply Depot  
  18  1:50  Reaper  
  19  2:01  Refinery  
  19  2:08  SCV  
  19  2:09  Reaper  
  19  2:11  Reaper  
  22  2:20  SCV  
  22  2:21  Supply Depot  
  23  2:29  Reaper  
  24  2:42  SCV  
  25  2:45  Reaper  
  26  3:02  Reaper x2  
  28  3:16  SCV  
  28  3:19  Reaper  
  28  3:34  Reaper x2  
  28  3:35  SCV  
  31  3:44  Supply Depot  
  31  3:47  SCV  
  32  3:51  Reaper, Command Center  
  33  3:59  SCV  
  34  4:09  Factory  
  34  4:12  SCV  
  35  4:24  SCV  
  36  4:33  Command Center  
  36  4:36  SCV  
Show
View Real Time Build Order
Export as new Build Order

JaySlays Terran 

Build Orders: Command Center First (CC) 

Get SALT Encoding   

  12  0:01  SCV  
  13  0:17  SCV  
  14  0:27  Supply Depot  
  14  0:29  SCV  
  15  0:58  Command Center  
  15  1:03  SCV  
  16  1:15  Barracks  
  16  1:17  SCV  
  17  1:29  SCV  
  18  1:41  SCV  
  19  1:49  Refinery  
  19  1:53  SCV  
  20  2:05  SCV  
  21  2:10  Refinery  
  21  2:11  Marine  
  23  2:19  Orbital Command  
  23  2:20  Orbital Command  
  22  2:50  Factory  
  22  2:51  SCV  
  22  2:52  SCV  
  24  3:03  SCV  
  25  3:06  Barracks Tech Lab  
  25  3:07  SCV  
  26  3:16  SCV  
  27  3:26  SCV  
  28  3:28  SCV, Marauder  
  31  3:38  SCV  
  31  3:43  Starport  
  31  3:44  SCV  
  32  3:49  Marauder, Factory Tech Lab  
  32  3:50  SCV  
  35  3:56  SCV  
  35  4:02  SCV  
  37  4:10  Marine  
  37  4:13  Starport  
  37  4:14  Starport  
  38  4:23  Starport Tech Lab  
  38  4:36  Supply Depot  
  38  4:38  Supply Depot  
Show
View Real Time Build Order
Export as new Build Order

Wolf Terran 

Build Orders: Reaper Expand 

Get SALT Encoding   

  12  0:00  SCV  
  13  0:13  SCV  
  14  0:19  Supply Depot  
  14  0:25  SCV  
  15  0:41  SCV  
  16  0:43  Barracks  
  16  0:52  Refinery  
  16  0:53  SCV  
  17  1:05  SCV  
  18  1:17  SCV  
  19  1:33  Orbital Command  
  19  1:34  Reaper  
  20  1:44  Command Center  
  20  1:52  Refinery  
  20  2:00  SCV  
  21  2:11  Barracks Reactor  
  21  2:17  SCV  
  22  2:25  Factory  
  18  2:59  Reaper  
  18  3:00  Reaper  
  8  3:25  SCV  
  8  3:26  SCV  
  10  3:31  Marine, Reaper  
  12  3:37  SCV  
  10  3:49  Marine  
Show
View Real Time Build Order
Export as new Build Order

amidnightsea Terran 

Build Orders:  

Get SALT Encoding   

  12  0:08  SCV  
  13  0:26  SCV  
  13  0:27  Supply Depot  
  14  0:39  SCV  
  15  0:51  SCV  
  15  0:52  Barracks  
  16  1:02  Barracks  
  16  1:09  Barracks  
  16  1:12  SCV  
  17  1:24  Barracks  
  17  1:31  SCV  
  18  1:38  Supply Depot  
  18  1:39  Marine  
  19  1:49  Marine  
  20  1:54  Orbital Command  
  20  2:01  Refinery  
  20  2:03  Marine  
  20  2:08  Marine  
  22  2:10  Marine  
  22  2:14  Marine  
  24  2:20  Refinery  
  24  2:23  Marine  
  24  2:27  Marine  
  26  2:35  Supply Depot  
  26  2:41  Marine x2  
  28  2:48  Marine x2  
  30  2:59  Marine  
  24  3:31  Marine x3  
  24  3:32  Marine  
  24  3:33  SCV  
  24  3:37  Factory  
  24  3:45  SCV  
  25  3:50  Marine  
  25  3:57  SCV  
  25  3:59  Bunker  
  26  4:11  Marine x2  
  26  4:12  Marine x2  
  26  4:14  Bunker  
  30  4:26  Starport, Factory Tech Lab  
Show
View Real Time Build Order
Export as new Build Order

ABCD Terran 

Build Orders: Command Center First (CC) 

Get SALT Encoding   

  12  0:03  SCV  
  13  0:24  SCV  
  14  0:36  SCV  
  15  0:47  Supply Depot  
  15  1:02  Command Center  
  15  1:12  Barracks  
  15  1:26  SCV  
  16  1:34  Refinery  
  16  1:39  SCV  
  17  1:51  SCV  
  18  2:03  SCV  
  18  2:04  Refinery  
  19  2:16  Orbital Command  
  18  2:39  Factory  
  2  3:32  SCV  
  2  3:44  SCV  
  3  3:56  Factory Tech Lab  
  3  4:01  Refinery  
Tags
 
Add a new tag
Caveats
  • Supply blocks, unpowered buildings, or Contaminate may cause inaccurate times.
  • Supply counts are checked every 10 seconds.